[Event "*** SCC Grand Prix: Titled Tuesday Blitz"]
[Site "Chess.com"]
[Date "2020.10.13"]
[Round "5"]
[White "Beltsychess"]
[Black "venus02"]
[Result "1/2-1/2"]
[WhiteElo "2630"]
[BlackElo "2489"]
[TimeControl "180+1"]
[EndTime "10:54:42 PDT"]
[Termination "Game drawn by repetition"]

1. d4 Nf6 2. c4 e6 3. Nf3 d5 4. Qc2 Be7 5. Bg5 O-O 6. Nc3 Nbd7 7. e3 c6 8. O-O-O dxc4 9. Bxc4 b5 10. Bd3 Bb7 11. Kb1 a6 12. Bxf6 Nxf6 13. Ne4 Nxe4 14. Bxe4 f5 15. Bd3 Rc8 16. Qb3 Qd5 17. Qxd5 cxd5 18. Ne5 Bd6 19. f4 Rfd8 20. h3 Rc7 21. g4 g6 22. g5 Rdc8 23. h4 Bxe5 24. fxe5 Bc6 25. Rc1 Be8 26. Rxc7 Rxc7 27. Rc1 Rxc1+ 28. Kxc1 a5 29. Kd2 Kg7 30. Ke2 h6 31. Kf3 hxg5 32. hxg5 Kf8 33. a3 Ke7 34. Ke2 Kd8 35. Kd2 Kc7 36. Kc3 Kb6 37. b4 a4 38. Kd2 Kc7 39. Ke1 Kd8 40. Kd2 Kc7 41. Kc3 Kb6 42. Kd2 Kc7 1/2-1/2

[Event "*** SCC Grand Prix: Titled Tuesday Blitz"]
[Site "Chess.com"]
[Date "2020.10.13"]
[Round "5"]
[White "Srisshhhtea"]
[Black "mr_gustavo"]
[Result "1-0"]
[WhiteElo "2281"]
[BlackElo "2400"]
[TimeControl "180+1"]
[EndTime "10:54:45 PDT"]
[Termination "Srisshhhtea won by resignation"]

1. d4 d5 2. c4 c6 3. Nf3 Nf6 4. Nbd2 e6 5. Qc2 Nbd7 6. e4 dxe4 7. Nxe4 Nxe4 8. Qxe4 Nf6 9. Qc2 Bb4+ 10. Bd2 Bxd2+ 11.
Qxd2 O-O 12. Bd3 Qc7 13. O-O c5 14. d5 exd5 15. cxd5 Bg4 16. d6 Qb6 17. Ne5 Be6 18. Rfd1 Rad8 19. Bc4 Ne4 20. Qe2 Nxd6 21. Bxe6 fxe6 22.
Nd7 Rxd7 23. Qxe6+ Rdf7 24. Rxd6 Qxb2 25. Rf1 Kh8 26.
Qxf7 Rg8 27. Re6 Qb5 28. Rfe1 h6 29. Re8 Rxe8 30. Qxe8+ Qxe8 31. Rxe8+ Kh7 32. Re7 b5 33. Rxa7 Kg6 34. Rc7 c4 35. Rc5 Kf6 36. Rxb5 Ke6 37. Rc5 Kd6 38. Rxc4 Kd5 39. Rc1 g5 40. Kf1 Kd4 41.
Ke2 Ke4 42. Rc4+ Kd5 43. Ra4 g4 44. Rxg4 h5 45. Rh4 Kc5 46. Rxh5+ Kb4 47. g4 1-0

[Event "*** SCC Grand Prix: Titled Tuesday Blitz"]
[Site "Chess.com"]
[Date "2020.10.13"]
[Round "5"]
[White "Rozum_Ivan"]
[Black "Beca95"]
[Result "0-1"]
[WhiteElo "2743"]
[BlackElo "2916"]
[TimeControl "180+1"]
[EndTime "10:54:48 PDT"]
[Termination "Beca95 won by checkmate"]

1. d4 Nf6 2. Nf3 e6 3. e3 b6 4. Bd3 Bb7 5. O-O d6 6. c4 Nbd7 7. Nc3 h6 8. e4 e5 9. d5 a5 10.
b3 Be7 11. a3 Nf8 12. Rb1 Ng6 13. b4 O-O 14. g3 Bc8 15. Be3 h5 16. c5 axb4 17.
axb4 Ng4 18. cxd6 cxd6 19. Bd2 h4 20. Qe2 hxg3 21. fxg3 Nf6 22. Ra1 Bh3 23. Rfc1 Nh7 24. Nd1 Rxa1 25. Rxa1 Ng5 26. Nxg5 Bxg5 27. Ne3 b5 28.
Qh5 Bd7 29. h4 Bh6 30. Qe2 Qb6 31. Kh2 Ne7 32. Nc2 Bxd2 33. Qxd2 Rc8 34. Ne1 Qd4 35. Rc1 Rxc1 36. Qxc1 Kh7 37. Qd2 Bg4 38. Nc2 Qb2 39. Be2 Bxe2 40. Qxe2 Ng8 41. Kh3 Nf6 42. Qd3 g6 43. Ne1 Qxb4 44. Nf3 Kg7 45. Ng5 Qc4 46. Qe3 Qf1+ 47. Kh2 Ng4# 0-1

[Event "*** SCC Grand Prix: Titled Tuesday Blitz"]
[Site "Chess.com"]
[Date "2020.10.13"]
[Round "5"]
[White "SARGISMV"]
[Black "cassoulet"]
[Result "0-1"]
[WhiteElo "2508"]
[BlackElo "2721"]
[TimeControl "180+1"]
[EndTime "10:54:48 PDT"]
[Termination "cassoulet won on time"]

1. d4 Nf6 2. c4 g6 3. Nc3 Bg7 4. e4 O-O 5. Be2 d6 6. Nf3 Nbd7 7. O-O c5 8. d5 a6 9. a4 Re8 10. Re1 Nf8 11. Bf4 h6 12. h3 g5 13. Bh2 Ng6 14. e5 dxe5 15. Nxe5 Bf5 16. Bd3 Bxd3 17. Qxd3 Nxe5 18. Bxe5 Qb6 19. Re2 Rad8 20. a5 Qa7 21.
Qf3 b5 22. cxb5 axb5 23. Nxb5 Qb7 24. Nc7 Nxd5 25. Nxe8 Rxe8 26. Bxg7 Kxg7 27. Rd1 Rd8 28. h4 e6 29. hxg5 hxg5 30. Rc2 Qb4 31. a6 Rh8 32. Qg3 Kf6 33. Re2 Nf4 34. Red2 Qe4 35. Qc3+ e5 36. f3 Qh7 37. Rd6+ Ne6 38. a7 Qh2+ 39. Kf2 Qh4+ 40.
Kf1 Qg3 41. Rxe6+ fxe6 0-1

[Event "*** SCC Grand Prix: Titled Tuesday Blitz"]
[Site "Chess.com"]
[Date "2020.10.13"]
[Round "5"]
[White "mjray79"]
[Black "Leonid_Starozhilov"]
[Result "0-1"]
[WhiteElo "2421"]
[BlackElo "2638"]
[TimeControl "180+1"]
[EndTime "10:54:48 PDT"]
[Termination "Leonid_Starozhilov won by checkmate"]

1. d4 Nf6 2. c4 g6 3. Nc3 Bg7 4.
e4 d6 5. Nge2 c6 6. Ng3 h5 7. h4 a6 8. a4 a5 9. Be2 Na6 10. Bg5 Nb4 11. Rc1 Qc7 12. f4 Nh7 13.
f5 Nxg5 14. hxg5 Qb6 15. fxg6 fxg6 16. c5 dxc5 17. dxc5 Qc7 18. Nxh5 Be5 19. O-O Be6 20. Bg4 Bxg4 21. Qxg4 Bd4+ 22. Rf2 Rxh5 23. Rf1 Qh2# 0-1

[Event "*** SCC Grand Prix: Titled Tuesday Blitz"]
[Site "Chess.com"]
[Date "2020.10.13"]
[Round "5"]
[White "zverr1"]
[Black "esrosenberg"]
[Result "0-1"]
[WhiteElo "2432"]
[BlackElo "2316"]
[TimeControl "180+1"]
[EndTime "10:54:48 PDT"]
[Termination "esrosenberg won by checkmate"]

1. d4 Nf6 2. c4 e6 3. Nf3 d5 4. Nc3 Bb4 5. Qa4+ Nc6 6. e3 O-O 7. Bd2 Bd7 8. Qc2 Re8 9. Bd3 dxc4 10. Bxc4 e5 11. dxe5 Nxe5 12. Nxe5 Rxe5 13. a3 Bf5 14. Qb3 Bf8 15. Bxf7+ Kh8 16. Rd1 Qe7 17. O-O c6 18.
Bc4 b5 19. Be2 a5 20. f3 Rxe3 21. Bxe3 Qxe3+ 22. Kh1 b4 23. Bd3 Bxd3 24. Ne4 Rd8 25. Nxf6 gxf6 26. Rfe1 Qd4 27. a4 Bc5 28. Qf7 Rf8 29. Re8 Rxe8 30. Qxe8+ Kg7 31. Qxc6 Kg6 32. Qe8+ Kg7 33. h4 Qxh4# 0-1

[Event "*** SCC Grand Prix: Titled Tuesday Blitz"]
[Site "Chess.com"]
[Date "2020.10.13"]
[Round "5"]
[White "TST2014"]
[Black "ChronicUnhappiness"]
[Result "1-0"]
[WhiteElo "2535"]
[BlackElo "2351"]
[TimeControl "180+1"]
[EndTime "10:54:49 PDT"]
[Termination "TST2014 won on time"]

1. d4 d5 2. c4 e6 3. Nf3 Nf6 4.
Nc3 Bb4 5. Qa4+ Nc6 6. e3 O-O 7. Bd2 a6 8. a3 Bxc3 9. Bxc3 Ne4 10. Bd3 Nxc3 11. bxc3 dxc4 12. Bxc4 e5 13. Qc2 Qf6 14. Bd3 h6 15. O-O Bg4 16. Be4 Bxf3 17. Bxf3 Rad8 18. Rab1 Na5 19. Bxb7 Nc4 20. Qa2 Nd6 21. Bd5 Nf5 22. Rb7 Rd7 23. Be4 Nd6 24. Bc6 Re7 25. Ra7 Qg5 26. Rxa6 Nf5 27. Qd5 Re6 28. Bb5 Rxa6 29.
Bxa6 Nh4 30. Bb7 Kh7 31. Qxe5 f5 32. Qg3 Qf6 33. Qxc7 f4 34. Qxf4 1-0

[Event "*** SCC Grand Prix: Titled Tuesday Blitz"]
[Site "Chess.com"]
[Date "2020.10.13"]
[Round "5"]
[White "Caterpiller35"]
[Black "Manukyan_Artak"]
[Result "0-1"]
[WhiteElo "2447"]
[BlackElo "2327"]
[TimeControl "180+1"]
[EndTime "10:54:50 PDT"]
[Termination "Manukyan_Artak won by resignation"]

1. d4 Nf6 2. Bg5 c5 3. d5 e5 4. Nc3 d6 5. e4 Be7 6. f4 exf4 7. Nf3 Nh5 8. Bb5+ Nd7 9. h4 h6 10. Bxe7 Qxe7 11. Qd2 a6 12. Bxd7+ Bxd7 13. O-O-O O-O-O 14. Rhe1 f6 15. a4 g5 16. hxg5 hxg5 17. Qd3 Kb8 18.
Nd2 Bg4 19. Nf3 Ng3 20. Qc4 Bxf3 21. gxf3 Rh3 22. b4 cxb4 23. Qxb4 Rc8 24. Rd3 Qc7 25. a5 Qc5 26. Qb2 Qxa5 27. Kd1 Rc4 28. Ne2 Nxe2 29. Rxe2 Rh1+ 0-1

[Event "*** SCC Grand Prix: Titled Tuesday Blitz"]
[Site "Chess.com"]
[Date "2020.10.13"]
[Round "5"]
[White "Stouuf"]
[Black "Slovak_fighter2000"]
[Result "1-0"]
[WhiteElo "2595"]
[BlackElo "2403"]
[TimeControl "180+1"]
[EndTime "10:54:53 PDT"]
[Termination "Stouuf won by resignation"]

1. e4 e6 2. d4 d5 3. Nd2 a6 4.
Ngf3 c5 5. exd5 exd5 6. Bd3 Nf6 7.
O-O c4 8. Re1+ Be7 9. Bf1 O-O 10. Ne5 Nc6 11. c3 Bf5 12. Nxc6 bxc6 13. b3 cxb3 14.
axb3 Re8 15. Ba3 Bxa3 16. Rxa3 Rxe1 17. Qxe1 Qb6 18. b4 h6 19. Nb3 Ne4 20. Nc5 Nxc5 21.
dxc5 Qb7 22. Qa1 Bc8 23. Bd3 Qe7 24. h3 Qe5 25. Bf1 Bb7 26. Ra2 g6 27. Re2 Qf6 28. Qe1 Kg7 29. Re7 Bc8 30. Re8 Bb7 31. Rxa8 Bxa8 32.
Bxa6 d4 33. cxd4 Qxd4 34. g3 Qd7 35. Qe5+ Kh7 36. Bc4 Bb7 37. Qf6 Qd1+ 38. Kg2 Qd7 39. Bxf7 1-0

[Event "*** SCC Grand Prix: Titled Tuesday Blitz"]
[Site "Chess.com"]
[Date "2020.10.13"]
[Round "5"]
[White "pavelalexandru07"]
[Black "Chessbard1972"]
[Result "1-0"]
[WhiteElo "2243"]
[BlackElo "2359"]
[TimeControl "180+1"]
[EndTime "10:54:53 PDT"]
[Termination "pavelalexandru07 won by checkmate"]

1. e4 c5 2. Nf3 a6 3. c4 e6 4. d4 cxd4 5. Nxd4 Nf6 6. Nc3 Qc7 7. a3 b6 8. Be2 Bb7 9. f3 Nc6 10. Be3 Ne5 11. Rc1 Rc8 12. O-O Ng6 13. Qd2 h5 14.
Bd3 h4 15. Kh1 Nh5 16. f4 Bc5 17. Nce2 e5 18. Nf5 O-O 19. Bxc5 Qxc5 20. b4 Qc7 21. fxe5 Qxe5 22. Qg5 Nf6 23. Nf4 Rfe8 24. Nxg6 fxg6 25. Qxg6 Bxe4 26. Qxg7# 1-0

[Event "*** SCC Grand Prix: Titled Tuesday Blitz"]
[Site "Chess.com"]
[Date "2020.10.13"]
[Round "5"]
[White "juancruzarias"]
[Black "tdf98pantani"]
[Result "1-0"]
[WhiteElo "2536"]
[BlackElo "2714"]
[TimeControl "180+1"]
[EndTime "10:54:54 PDT"]
[Termination "juancruzarias won by resignation"]

1. e4 c6 2. Nc3 d5 3. Nf3 a6 4. a4 Nf6 5. Qe2 Bg4 6. d3 e6 7.
h3 Bh5 8. g4 Bg6 9. Bg2 Bb4 10.
e5 Nfd7 11. O-O h5 12. Bf4 hxg4 13. hxg4 c5 14. Nb1 Nc6 15. c3 Ba5 16. Nbd2 Bc7 17. d4 cxd4 18. cxd4 Nb4 19. Bg5 Qb8 20. Rfc1 Nd3 21.
Rc3 Nxb2 22. Rb3 Nc4 23. Nxc4 dxc4 24. Qxc4 Be4 25. Nd2 Bxg2 26. Kxg2 O-O 27. Rh1 b5 28. Rbh3 Qb7+ 29. d5 f6 30. Qe4 f5 31. Rh8+ Kf7 32. dxe6+ Kxe6 33. Qxb7 1-0

[Event "*** SCC Grand Prix: Titled Tuesday Blitz"]
[Site "Chess.com"]
[Date "2020.10.13"]
[Round "5"]
[White "elcandado"]
[Black "PowerThinking2650"]
[Result "1-0"]
[WhiteElo "2572"]
[BlackElo "2371"]
[TimeControl "180+1"]
[EndTime "10:54:58 PDT"]
[Termination "elcandado won by checkmate"]

1. d4 Nf6 2. Bf4 g6 3. e3 Bg7 4. Be2 O-O 5. Nf3 d5 6. O-O c5 7. c3 Nc6 8. h3 b6 9. Nbd2 Bb7 10.
Bh2 Nd7 11. Re1 e5 12. dxe5 Ndxe5 13. Nxe5 Nxe5 14. Nf3 Re8 15. Nxe5 Bxe5 16. Bxe5 Rxe5 17. Bf3 Qe7 18. Qa4 a6 19. Red1 Rd8 20. Rd2 b5 21. Qa3 Rg5 22. Rad1 d4 23. Bxb7 Qxb7 24. f4 Rg3 25.
Qxc5 Rd5 26. Qb4 Rxe3 27. Rxd4 Rxd4 28. Rxd4 Re2 29. Rd8+ Kg7 30. Qd4+ Kh6 31. Rd5 Rxb2 32. g4 Qe7 33. Re5 Qh4 34. g5+ Kg7 35. Re8+ f6 36. Qxf6# 1-0

[Event "*** SCC Grand Prix: Titled Tuesday Blitz"]
[Site "Chess.com"]
[Date "2020.10.13"]
[Round "5"]
[White "bascheyaro"]
[Black "SergeyKarjakin"]
[Result "0-1"]
[WhiteElo "2731"]
[BlackElo "2905"]
[TimeControl "180+1"]
[EndTime "10:55:00 PDT"]
[Termination "SergeyKarjakin won by resignation"]

1. d4 Nf6 2. c4 e6 3. Nc3 Bb4 4. Qc2 d5 5. Nf3 dxc4 6. e3 b5 7. Be2 Bb7 8. O-O a6 9. a4 c6 10.
Ne5 O-O 11. f4 Nbd7 12. Bf3 Qb6 13. Bd2 Rad8 14. g4 c5 15. g5 cxd4 16. gxf6 dxe3 17. Be1 e2+ 18. Rf2 Nxe5 19. Bxb7 Nd3 20. Be4 Nxf2 21. Bxh7+ Kh8 22. Bxf2 Bc5 23. Ne4 Bxf2+ 24. Nxf2 Qe3 25.
fxg7+ Kxg7 26. Be4 e1=Q+ 27. Rxe1 Qxe1+ 28. Kg2 Qd2 29. Qb1 Qxf4 30. b3 Rd2 31. Qa1+ f6 32. Qg1 Qxf2+ 33. Qxf2 Rxf2+ 0-1

[Event "*** SCC Grand Prix: Titled Tuesday Blitz"]
[Site "Chess.com"]
[Date "2020.10.13"]
[Round "5"]
[White "CM_rui"]
[Black "shriyanasmallya"]
[Result "0-1"]
[WhiteElo "2341"]
[BlackElo "1630"]
[TimeControl "180+1"]
[EndTime "10:55:01 PDT"]
[Termination "shriyanasmallya won on time"]

1. e4 e5 2. Nf3 Nc6 3. Bb5 a6 4. Ba4 Nge7 5. O-O g6 6. c3 Bg7 7. d4 exd4 8. cxd4 b5 9. Bc2 d6 10. Nc3 Bg4 11. Be3 Bxf3 12. gxf3 Qd7 13. d5 Ne5 14. f4 Nc4 15. Qf3 Nxb2 16. Ne2 O-O 17.
Kh1 f5 18. Nd4 fxe4 19. Bxe4 Nc4 20. Rac1 Bxd4 21. Bxd4 Nd2 22. Qc3 Nxe4 23. Qb2 Nxd5 24. Rce1 Rae8 25. Qc2 Qf5 26. Qc6 Nxf4 0-1

[Event "*** SCC Grand Prix: Titled Tuesday Blitz"]
[Site "Chess.com"]
[Date "2020.10.13"]
[Round "5"]
[White "Fandorine"]
[Black "keepitcool9499"]
[Result "1-0"]
[WhiteElo "2859"]
[BlackElo "2628"]
[TimeControl "180+1"]
[EndTime "10:55:05 PDT"]
[Termination "Fandorine won by resignation"]

1. Nf3 e6 2. g3 d5 3. Bg2 Nf6 4.
O-O Be7 5. d3 O-O 6. Nbd2 b6 7. e4 Bb7 8. Re1 c5 9. e5 Nfd7 10. Nf1 Nc6 11. h4 b5 12. N1h2 a5 13. Ng4 b4 14. Bg5 a4 15. a3 bxa3 16. bxa3 Nd4 17.
Nxd4 cxd4 18. Qd2 Bxg5 19. hxg5 Qc7 20. Rab1 Rab8 21. Rb4 Bc6 22. Rxd4 Rb2 23. Rb4 Rb8 24. Rxb2 Rxb2 25. Qc3 Qb6 26. d4 Bb7 27. Ne3 Ba6 28. f4 Bb7 29. f5 exf5 30. Nxf5 Rb5 31. Nd6 Rb1 32. Rxb1 Qxb1+ 33. Kh2 Nf8 34. Qc7 1-0

[Event "*** SCC Grand Prix: Titled Tuesday Blitz"]
[Site "Chess.com"]
[Date "2020.10.13"]
[Round "5"]
[White "TotsukaBlade"]
[Black "SophieNikoladze"]
[Result "0-1"]
[WhiteElo "2374"]
[BlackElo "2257"]
[TimeControl "180+1"]
[EndTime "10:55:06 PDT"]
[Termination "SophieNikoladze won by resignation"]

1. e4 d6 2. d4 Nf6 3. Bd3 e5 4.
c3 Nbd7 5. Nf3 Be7 6. O-O O-O 7. Nbd2 c6 8. Re1 Qc7 9. Nf1 b5 10. Ng3 Re8 11. h3 Bf8 12. Nh2 Nb6 13. f4 a6 14.
Be3 c5 15. Qd2 Bb7 16. Rac1 Rad8 17. fxe5 dxe5 18. d5 c4 19. Bb1 Nbd7 20. Nf5 Bc5 21. Qf2 Bxe3 22. Rxe3 Nf8 23. Rf1 N8d7 24. Qg3 Nh5 25.
Nh6+ Kh8 26. Nxf7+ Kg8 27. Qf3 Ndf6 28. Nxd8 Rxd8 29.
Ng4 Nxg4 30. Qxg4 Nf4 31. g3 Qc5 32. Re1 Bc8 33. Qf3 Nxh3+ 34. Kh2 Ng5 35. Qg2 Rf8 36.
b3 Bg4 37. Bc2 Nf3+ 38. Kh1 Nxe1 39. Rxe1 Bf3 0-1

[Event "*** SCC Grand Prix: Titled Tuesday Blitz"]
[Site "Chess.com"]
[Date "2020.10.13"]
[Round "5"]
[White "nobodyperfect13"]
[Black "northridgehawk"]
[Result "0-1"]
[WhiteElo "2036"]
[BlackElo "2213"]
[TimeControl "180+1"]
[EndTime "10:55:06 PDT"]
[Termination "northridgehawk won by resignation"]

1. c4 e5 2. Nc3 Nc6 3. g3 Nf6 4. Bg2 Bc5 5. e3 O-O 6. Nge2 d5 7. cxd5 Nb4 8. d3 Nfxd5 9. Nxd5 Nxd5 10. Nc3 Nb4 11.
Bf1 c6 12. a3 Nd5 13. Bg2 Be6 14. O-O Qd7 15. Qc2 Rfd8 16. Rd1 Bb6 17. b3 f6 18. Bb2 Qf7 19. Ne4 Ne7 20. Nd2 Rd7 21. Nc4 Bc7 22. d4 exd4 23. Bxd4 Rad8 24. Bxa7 Bd5 25.
Bc5 Bxg2 26. Kxg2 Nd5 27. e4 Ne7 28. Rxd7 Rxd7 29. Rd1 Ng6 30. Nd6 Qe6 31. Nc4 Rxd1 32. Qxd1 Qxe4+ 33. Qf3 Qxf3+ 34. Kxf3 Kf7 35. a4 Ke6 36. a5 Ne5+ 37. Nxe5 Bxe5 38. b4 Kd5 39. Ke3 f5 40. Kd3 g5 41. f3 h5 42. Be3 g4 43. f4 Bd6 44. Bd2 Bb8 45. Bc3 Ba7 46.
Bf6 Bg1 47. Bh4 Bxh2 48. Kc3 Bg1 49. Kb3 Bd4 50. Ka4 Kc4 51. a6 bxa6 0-1

[Event "*** SCC Grand Prix: Titled Tuesday Blitz"]
[Site "Chess.com"]
[Date "2020.10.13"]
[Round "5"]
[White "rpragchess"]
[Black "IwkooO"]
[Result "1-0"]
[WhiteElo "2902"]
[BlackElo "2651"]
[TimeControl "180+1"]
[EndTime "10:55:07 PDT"]
[Termination "rpragchess won by checkmate"]

1. e4 c5 2. Nf3 e6 3. g3 Nc6 4. Bg2 Nf6 5. Qe2 e5 6. O-O Be7 7. Nc3 O-O 8. Nd5 d6 9. c3 Be6 10. Nxe7+ Qxe7 11. d3 h6 12. Ne1 d5 13. Nc2 dxe4 14.
dxe4 Rad8 15. Ne3 Qd7 16. Rd1 Qc7 17. Nd5 Bxd5 18. exd5 Ne7 19. c4 b6 20. Re1 Rfe8 21.
Qc2 Nc8 22. b3 Re7 23. Bb2 Rde8 24. Re2 Nd6 25. Rae1 Nd7 26. Bh3 f6 27. Bc1 Nf8 28. Bg4 Kf7 29. Bh5+ g6 30. Bg4 Kg7 31. h4 f5 32. Bh3 h5 33. Qd2 Nd7 34. Qh6+ Kf7 35. Qh7+ Kf6 36. Bg5# 1-0

[Event "*** SCC Grand Prix: Titled Tuesday Blitz"]
[Site "Chess.com"]
[Date "2020.10.13"]
[Round "5"]
[White "picturesquecheck"]
[Black "Ladislav1969"]
[Result "0-1"]
[WhiteElo "2218"]
[BlackElo "2372"]
[TimeControl "180+1"]
[EndTime "10:55:07 PDT"]
[Termination "Ladislav1969 won by resignation"]

1. e4 c5 2. Nf3 e6 3. d3 Nc6 4. g3 d5 5. Nbd2 g6 6. Bg2 Bg7 7. O-O Nge7 8. c3 O-O 9. Re1 Qc7 10.
h4 d4 11. c4 e5 12. Nh2 f5 13. exf5 Bxf5 14. Ne4 b6 15. g4 Be6 16. Ng5 Bd7 17. a3 h6 18. Ne4 Be6 19. Bd2 Qd7 20. Bh3 a5 21. Qc1 Kh7 22. Kg2 Nc8 23. f3 Nd6 24.
Nxd6 Qxd6 25. Re4 Qe7 26. Qe1 Rab8 27. a4 Nd8 28. Qg3 Nf7 29. Rae1 Qd7 30. h5 g5 31. Nf1 Qxa4 32. Qf2 Bd7 33. Bc1 Bc6 34. R4e2 Nd6 35. Nh2 Rf7 36. Kg1 Rbf8 37. Bg2 b5 38. cxb5 Qxb5 39.
Re3 dxe3 40. Qxe3 Qb4 41. Bd2 Qd4 42. Bc3 Qxe3+ 43. Rxe3 Nb5 0-1

[Event "*** SCC Grand Prix: Titled Tuesday Blitz"]
[Site "Chess.com"]
[Date "2020.10.13"]
[Round "5"]
[White "MatyChess1"]
[Black "PlotnikovPavel"]
[Result "1-0"]
[WhiteElo "2576"]
[BlackElo "2375"]
[TimeControl "180+1"]
[EndTime "10:55:08 PDT"]
[Termination "MatyChess1 won by checkmate"]

1. e4 e5 2. Nf3 Nc6 3. Bc4 Nf6 4.
d3 Bc5 5. c3 d6 6. Bb3 O-O 7.
Bg5 Bb6 8. Nbd2 h6 9. Bh4 Be6 10. O-O Kh8 11. a4 a5 12. Nc4 Ba7 13. Ne3 g5 14. Bg3 Nh5 15. Nxe5 Nxg3 16. Nxc6 bxc6 17. hxg3 Kh7 18. Qf3 Bxb3 19. c4 Bd4 20. Qf5+ Kg7 21. Qh3 Bxe3 22. fxe3 Qc8 23. Qh5 Qe6 24. Rf5 Bc2 25.
Qe2 Bb3 26. Raf1 Rab8 27. Qd2 Bxa4 28. Qxa5 Bc2 29. Qc3+ Kg6 30. Rf6+ Kh5 31. Rxe6 fxe6 32. Rxf8 Rxf8 33. Qxc2 Kg4 34. Kh2 h5 35. Qe2+ Rf3 36.
Qxf3# 1-0

[Event "*** SCC Grand Prix: Titled Tuesday Blitz"]
[Site "Chess.com"]
[Date "2020.10.13"]
[Round "5"]
[White "Sesleria"]
[Black "coalescenet"]
[Result "0-1"]
[WhiteElo "2021"]
[BlackElo "2189"]
[TimeControl "180+1"]
[EndTime "10:55:09 PDT"]
[Termination "coalescenet won by resignation"]

1. d4 d5 2. c4 e6 3. Nc3 Be7 4. Bf4 Nf6 5. e3 O-O 6. Nf3 Re8 7. Bd3 dxc4 8. Bxc4 b6 9. O-O Bb7 10. Bb5 c6 11.
Bd3 c5 12. Qe2 Nc6 13. Rad1 cxd4 14. exd4 Nb4 15. Bb1 Nbd5 16. Bg5 Rc8 17. Nxd5 Qxd5 18. Rfe1 h6 19. Bh4 Qh5 20. Bg3 Bxf3 21. gxf3 Red8 22.
Kg2 Rd7 23. Qe3 Rcd8 24. Be4 Qb5 25. b3 Nd5 26. Qe2 Qxe2 27. Rxe2 Nc3 28. Bc6 Nxe2 29. Bxd7 Rxd7 0-1

[Event "*** SCC Grand Prix: Titled Tuesday Blitz"]
[Site "Chess.com"]
[Date "2020.10.13"]
[Round "5"]
[White "thedjoker98"]
[Black "realmadridtv"]
[Result "1-0"]
[WhiteElo "2596"]
[BlackElo "2407"]
[TimeControl "180+1"]
[EndTime "10:55:10 PDT"]
[Termination "thedjoker98 won by resignation"]

1. d4 Nf6 2. c4 e6 3. Nc3 c5 4. d5 exd5 5. cxd5 d6 6. Nf3 g6 7. Bf4 Bg7 8. Qa4+ Bd7 9. Qb3 Qc7 10. e4 O-O 11. Nd2 Re8 12. Be2 a6 13. a4 Bc8 14.
O-O Nbd7 15. Nc4 Ne5 16. Bxe5 dxe5 17. Rfd1 Bg4 18. Bxg4 Nxg4 19. Qb6 Qe7 20. h3 Nf6 21. d6 Qe6 22. Ne3 Nd7 23. Qxb7 Rab8 24. Qd5 Qf6 25. Rab1 Bh6 26. Ng4 Qg5 27. Nxh6+ Qxh6 28. Qc6 Red8 29.
Nd5 Kh8 30. Qxa6 f5 31. exf5 gxf5 32. Ne7 f4 33. Qe2 Rb3 34. Qg4 Nf6 35. Qf5 f3 36.
Qxe5 fxg2 37. Nd5 Rf3 38. Nxf6 Rxf6 39. d7 Kg7 40. Rd6 Kf7 41. Rxf6+ Qxf6 42. Qxf6+ Kxf6 43. Rd1 Ke7 44. Kxg2 Rg8+ 45. Kf1 Kd8 46. Rd5 Rg6 47. Rxc5 Kxd7 48. a5 h6 49. b4 Kd6 50. Rb5 Rg5 51.
Rxg5 1-0

[Event "*** SCC Grand Prix: Titled Tuesday Blitz"]
[Site "Chess.com"]
[Date "2020.10.13"]
[Round "5"]
[White "vovachesss"]
[Black "Msb2"]
[Result "0-1"]
[WhiteElo "2676"]
[BlackElo "2934"]
[TimeControl "180+1"]
[EndTime "10:55:11 PDT"]
[Termination "Msb2 won by resignation"]

1. e4 e6 2. Qe2 c5 3. Nf3 Nc6 4. g3 g6 5. Bg2 Bg7 6. O-O Nge7 7. c3 O-O 8. Rd1 e5 9. Na3 d6 10. Nc2 f5 11. exf5 Nxf5 12. d4 exd4 13. cxd4 cxd4 14.
Bg5 Qe8 15. Qd3 h6 16. Re1 Qf7 17. Bd2 Bd7 18. b4 a6 19. a4 Be6 20. Na3 Ne5 21. Nxe5 dxe5 22. Rac1 Nd6 23. f4 Bf5 24. Qe2 e4 25. g4 Be6 26. Bxe4 Nxe4 27. Qxe4 Bxg4 28. Nc4 Rae8 29. Ne5 Bxe5 0-1

[Event "*** SCC Grand Prix: Titled Tuesday Blitz"]
[Site "Chess.com"]
[Date "2020.10.13"]
[Round "5"]
[White "Keithonsky"]
[Black "ApacheSVD"]
[Result "1-0"]
[WhiteElo "2583"]
[BlackElo "2392"]
[TimeControl "180+1"]
[EndTime "10:55:12 PDT"]
[Termination "Keithonsky won by resignation"]

1. d4 Nf6 2. c4 c5 3. d5 b5 4. Qc2 bxc4 5. e4 d6 6. Bxc4 g6 7. Nf3 Bg7 8. h3 O-O 9. O-O Ba6 10. Na3 Nfd7 11. Rb1 Nb6 12. Be2 Qc8 13. Bg5 Re8 14. b3 Bxe2 15. Qxe2 Na6 16. Rfd1 Nb4 17. Rbc1 Qb7 18.
Nb1 a5 19. a3 Na6 20. Nfd2 a4 21. bxa4 Nxa4 22. Nc4 Rab8 23. Na5 Qb5 24. Qxb5 Rxb5 25.
Nc6 Kf8 26. Rc4 Nb6 27. Rc2 Na4 28. Nd2 Nc3 29. Re1 h6 30. Bh4 Nb8 31. Nxb8 Rexb8 32.
e5 Nxd5 33. exd6 exd6 34. Nc4 Bd4 35. Nxd6 Rb2 36. Rxb2 Rxb2 37. Re8+ Kg7 38. Rd8 Nc3 39. Ne8+ Kh7 40. Nf6+ Bxf6 41. Bxf6 Ne2+ 42. Kh2 1-0

[Event "*** SCC Grand Prix: Titled Tuesday Blitz"]
[Site "Chess.com"]
[Date "2020.10.13"]
[Round "5"]
[White "PavelShkapenko"]
[Black "bait_or_mate"]
[Result "1-0"]
[WhiteElo "2709"]
[BlackElo "2513"]
[TimeControl "180+1"]
[EndTime "10:55:14 PDT"]
[Termination "PavelShkapenko won by checkmate"]

1. e4 c6 2. d4 d5 3. e5 c5 4. dxc5 e6 5. a3 Bxc5 6. b4 Bb6 7. Qg4 Kf8 8. Nf3 Ne7 9. Bd3 Nbc6 10. O-O Ng6 11. Re1 f5 12. Qg3 Bd7 13. Nbd2 Qe7 14.
c4 dxc4 15. Nxc4 Bc7 16. Bg5 Qf7 17. b5 Nce7 18. Nd6 Bxd6 19. exd6 Nd5 20. Ne5 Nxe5 21. Qxe5 h6 22. Bd2 Qf6 23. Bc4 Qxe5 24. Rxe5 Rc8 25.
Bxd5 exd5 26. Bb4 d4 27. Re7 Rd8 28. Rc1 Kg8 29. Rc7 Bxb5 30. Rxg7+ Kf8 31. Rcf7+ Ke8 32. Re7+ Kf8 33. d7 Bc4 34. Ref7# 1-0

[Event "*** SCC Grand Prix: Titled Tuesday Blitz"]
[Site "Chess.com"]
[Date "2020.10.13"]
[Round "5"]
[White "alexrustemov"]
[Black "Piotrek1979"]
[Result "1-0"]
[WhiteElo "2691"]
[BlackElo "2426"]
[TimeControl "180+1"]
[EndTime "10:55:14 PDT"]
[Termination "alexrustemov won by checkmate"]

1. d4 Nf6 2. c4 g6 3. Nf3 Bg7 4.
g3 O-O 5. Bg2 d6 6. Nc3 Nc6 7.
O-O Bf5 8. Ne1 e5 9. d5 Ne7 10. e4 Bd7 11. Nd3 b6 12. h3 a5 13. Be3 Ne8 14.
f4 f6 15. Qd2 Kh8 16. Rae1 Ng8 17. f5 Qe7 18. h4 c5 19. dxc6 Bxc6 20. g4 Rb8 21. a4 Nc7 22. b3 Na6 23. g5 Nc5 24. Nxc5 bxc5 25. Nb5 Rbd8 26. Qxa5 gxf5 27. exf5 Bxg2 28.
Kxg2 d5 29. Qc7 d4 30. Qxe7 Nxe7 31. Bd2 fxg5 32. Bxg5 Bf6 33. Bxf6+ Rxf6 34. Rxe5 Rg8+ 35. Kh3 Ng6 36. Re6 Rf7 37. Nd6 Rff8 38. f6 Rb8 39. Rf3 Nf8 40. Nf7# 1-0

[Event "*** SCC Grand Prix: Titled Tuesday Blitz"]
[Site "Chess.com"]
[Date "2020.10.13"]
[Round "5"]
[White "karenzadita"]
[Black "KarstenHansch"]
[Result "1-0"]
[WhiteElo "2338"]
[BlackElo "2462"]
[TimeControl "180+1"]
[EndTime "10:55:14 PDT"]
[Termination "karenzadita won by checkmate"]

1. e4 c6 2. d4 d5 3. Nd2 dxe4 4. Nxe4 Nf6 5. Nxf6+ exf6 6. c3 Bd6 7. Bd3 O-O 8.
Ne2 Re8 9. h3 Nd7 10. O-O Nf8 11. Qc2 Bc7 12. Bf4 Rxe2 13. Bxc7 Rxc2 14. Bxd8 Rxb2 15.
Bc7 Be6 16. Rab1 Rxb1 17. Rxb1 b6 18. a4 Rc8 19. Bg3 c5 20. Ba6 Rd8 21. dxc5 bxc5 22. Rb7 Rd7 23. Rb8 g6 24. Bb5 Rd1+ 25. Kh2 Kg7 26. Rb7 a5 27. Ra7 Rc1 28. Rxa5 Rxc3 29. Ra8 Nd7 30. a5 Ra3 31. a6 c4 32. Bxd7 Bxd7 33.
Bd6 Bc6 34. Rc8 Bd7 35. Rd8 Rxa6 36. Bf8+ Kg8 37. Bh6+ Be8 38. Rxe8# 1-0